Map: Pylon LE

Players

Zoun - Winner!

  • Race: Protoss Protoss
  • League: Master
  • Spawn Location: 11:00

VITRyung (Ryung)

  • Race: Terran Terran
  • League: Master
  • Spawn Location: 5:00

Event: HomeStory Cup XXVII

VOD

Have the link to the VOD?

Description

Time

  • Played on: June 29, 2025, 10 a.m.
  • Length: 11:47

All games in this series

Show
View Real Time Build Order
Export as new Build Order

Zoun Protoss - Winner!

Build Orders:  

Get SALT Encoding   

  12  0:00  Probe  
  13  0:12  Probe  
  14  0:16  Pylon  
  14  0:24  Probe  
  15  0:36  Probe  
  15  0:37  Gateway  
  16  0:45  Pylon  
  16  0:48  Probe  
  17  0:55  Assimilator  
  17  1:05  Gateway  
  17  1:07  Probe  
  18  1:19  Probe  
  18  1:24  Cybernetics Core  
  19  1:31  Probe  
  20  1:43  Probe  
  21  1:49  Stalker  
  21  1:51  Adept  
  21  1:56  Probe  
  26  2:05  Warp Gate  
  26  2:08  Pylon, Probe  
  27  2:09  Adept  
  27  2:22  Adept  
  31  2:41  Nexus  
  31  2:49  Probe  
  32  2:59  Assimilator  
  32  3:01  Probe  
  33  3:10  Stalker  
  33  3:11  Stalker  
  33  3:13  Probe  
  38  3:23  Pylon  
  38  3:27  Probe  
  38  3:33  Shield Battery  
  39  3:34  Twilight Council  
  39  3:47  Probe  
  40  3:53  Stalker  
  40  3:54  Stalker  
  45  3:55  Probe  
  45  3:59  Probe  
  46  4:06  Blink  
  46  4:07  Probe  
  47  4:11  Probe  
  47  4:15  Probe  
  48  4:22  Probe  
  48  4:23  Probe  
  50  4:30  Probe  
  51  4:32  Probe  
  53  4:39  Gateway, Probe, Robotics Facility  
  53  4:41  Probe  
  55  4:50  Probe  
  56  4:53  Probe  
  57  5:02  Probe  
  57  5:03  Nexus  
  57  5:05  Pylon  
  57  5:06  Probe  
  59  5:10  Sentry  
  61  5:14  Probe  
  61  5:15  Assimilator  
  61  5:16  Gateway  
  62  5:23  Probe  
  62  5:27  Observer  
  64  5:30  Probe  
  64  5:34  Shield Battery  
  65  5:37  Probe  
  65  5:40  Pylon  
  65  5:42  Probe  
  67  5:47  Pylon  
  67  5:49  Probe  
  68  5:50  Charge  
  68  5:51  Stalker  
  68  5:56  Pylon  
  70  5:58  Probe  
  70  6:01  Gateway  
  70  6:02  Gateway, Stalker x2  
  75  6:06  Probe  
  75  6:10  Probe  
  77  6:11  Probe  
  77  6:12  Observer, Stalker  
  77  6:18  Observer, Probe  
  82  6:19  Probe  
  82  6:21  Stalker  
  82  6:22  Probe  
  86  6:26  Stalker  
  86  6:28  Stalker  
  89  6:33  Immortal  
  89  6:34  Phoenix, Probe  
  89  6:35  Probe  
  89  6:38  Probe  
  96  6:44  Forge  
  96  6:46  Probe  
  97  6:48  Gateway  
  97  6:50  Gateway  
  97  6:52  Probe x2  
  99  6:56  Pylon  
  99  7:06  Warp Prism  
  99  7:07  Protoss Ground Weapons Level 1  
  99  7:09  Nexus  
  99  7:11  Probe x3  
  99  7:14  Pylon  
  104  7:23  Probe x2, Templar Archives  
  104  7:24  Probe  
  107  7:31  Zealot x4  
  107  7:34  Pylon  
  107  7:35  Probe  
  116  7:42  Probe  
  116  7:43  Gateway, Probe  
  118  7:44  Gateway  
  118  7:50  Observer  
  118  7:53  Probe  
  118  7:54  Probe  
  120  8:00  High Templar x2, Zealot x4  
  120  8:04  Pylon, Archon  
  120  8:05  Pylon  
  132  8:11  Pylon  
  132  8:12  Pylon  
  132  8:23  High Templar  
  132  8:24  Zealot x5  
  144  8:33  Gateway  
  144  8:35  Gateway  
  144  8:37  High Templar, Zealot x2  
  149  8:42  Probe  
  149  8:43  Archon, Zealot  
  149  8:44  Zealot x3  
  158  8:49  Zealot x2  
  162  8:57  Protoss Ground Weapons Level 2  
  162  8:58  Nexus  
  162  9:00  Probe x2  
  162  9:01  Pylon, Probe  
  165  9:04  Probe  
  165  9:08  Shield Battery, High Templar x2, Zealot  
  165  9:09  Photon Cannon, Zealot x3  
  178  9:12  Probe  
  178  9:13  Probe, Archon  
  180  9:24  Probe x2  
  180  9:25  Probe x2  
  180  9:26  Pylon  
  180  9:28  Shield Battery  
  180  9:29  Photon Cannon  
  180  9:30  Forge, Zealot x2  
  188  9:35  Pylon  
  188  9:37  Pylon  
  188  9:44  Observer  
  189  9:56  Zealot x5  
  189  9:59  Immortal  
  199  10:06  Zealot x3  
  199  10:07  Zealot x4  
  149  10:18  Stalker x4  
  153  10:22  Zealot  
  147  10:30  Warp Prism, Zealot x7  
  147  10:34  Observer  
  161  10:43  Sentry, Zealot x4  
  171  10:50  Zealot x7  
  171  10:52  Nexus  
  171  10:56  Pylon  
  184  11:00  Observer  
  184  11:03  Stalker x2  
  188  11:04  Zealot x2  
  188  11:10  Zealot x3  
  199  11:20  Observer  
  190  11:28  Zealot x5  
  190  11:29  Zealot x4  
Show
View Real Time Build Order
Export as new Build Order

VITRyung Terran 

Build Orders: 2 Factory, Cyclone Opening, Mech 

Get SALT Encoding   

  12  0:00  SCV  
  13  0:12  SCV  
  14  0:17  Supply Depot  
  14  0:24  SCV  
  15  0:38  SCV  
  15  0:40  Barracks  
  15  0:42  Refinery  
  16  0:50  SCV  
  17  1:02  SCV  
  18  1:14  SCV  
  19  1:27  Orbital Command  
  20  1:34  Command Center  
  20  1:37  Marine  
  20  1:48  Factory  
  20  1:53  SCV  
  21  1:58  Refinery  
  21  2:05  SCV  
  21  2:08  Supply Depot  
  22  2:09  Barracks Tech Lab  
  22  2:17  SCV  
  24  2:30  SCV  
  22  2:39  Cyclone  
  22  2:42  SCV  
  24  2:54  SCV  
  24  2:57  Marine  
  22  3:06  SCV  
  22  3:11  Orbital Command  
  26  3:18  SCV  
  26  3:19  Siege Tank  
  27  3:26  Factory  
  27  3:30  Barracks Reactor, SCV  
  28  3:39  SCV  
  29  3:42  Orbital Command, SCV  
  29  3:46  Supply Depot  
  30  3:51  Siege Tank  
  30  3:54  SCV  
  34  4:06  SCV  
  34  4:07  SCV  
  34  4:08  Marine  
  34  4:09  Marine  
  38  4:10  Factory Tech Lab  
  38  4:18  SCV  
  38  4:20  Orbital Command  
  38  4:23  Cyclone  
  42  4:29  Marine x2  
  42  4:30  Cyclone  
  42  4:31  SCV  
  48  4:43  SCV  
  49  4:49  Refinery, SCV  
  50  4:53  Supply Depot  
  50  4:55  SCV  
  51  5:01  Refinery, SCV  
  52  5:07  SCV  
  52  5:13  SCV  
  54  5:15  Factory, Siege Tank  
  54  5:19  SCV  
  54  5:21  Supply Depot  
  58  5:25  SCV  
  58  5:30  Supply Depot  
  58  5:31  SCV  
  58  5:33  Mag-Field Accelerator  
  59  5:36  Cyclone  
  62  5:47  SCV x2  
  62  5:49  Supply Depot  
  64  5:51  Cyclone  
  64  5:52  Supply Depot  
  64  5:57  Supply Depot  
  67  6:00  SCV x2  
  69  6:12  Cyclone, SCV x2  
  69  6:13  Widow Mine  
  69  6:14  Widow Mine  
  78  6:24  Cyclone, SCV x2, Infernal Pre-Igniter  
  83  6:32  Supply Depot  
  83  6:40  Command Center  
  83  6:44  SCV x2  
  82  6:50  Cyclone  
  85  6:56  Cyclone, Widow Mine  
  85  6:58  Widow Mine  
  92  7:05  SCV x2, Armory  
  94  7:16  Factory  
  94  7:18  Factory  
  94  7:19  SCV x2  
  96  7:25  Siege Tank  
  96  7:28  Siege Tank  
  106  7:30  Hellion x2  
  106  7:36  Supply Depot  
  106  7:39  SCV x2  
  106  7:42  Engineering Bay  
  108  7:51  SCV x2  
  108  7:55  Hellion  
  108  7:56  Hellion  
  113  8:03  Siege Tank  
  113  8:04  Factory Reactor, Factory Tech Lab, Siege Tank  
  119  8:06  Supply Depot  
  119  8:08  SCV x2  
  119  8:09  Terran Vehicle Weapons Level 1  
  121  8:18  Orbital Command  
  121  8:19  Refinery  
  121  8:20  SCV x2  
  121  8:21  Refinery  
  121  8:25  Siege Tank  
  126  8:30  Hellion  
  126  8:32  Missile Turret, SCV  
  129  8:36  SCV  
  130  8:44  SCV  
  130  8:47  Siege Tank  
  130  8:48  SCV, Siege Tank  
  137  8:54  SCV  
  137  8:55  Supply Depot  
  139  8:56  SCV  
  139  8:59  Supply Depot  
  139  9:00  Supply Depot, SCV  
  141  9:05  Command Center  
  141  9:13  Armory  
  141  9:15  SCV x2  
  141  9:16  SCV  
  142  9:26  Cyclone  
  142  9:27  Cyclone x2  
  151  9:32  Sensor Tower  
  151  9:39  SCV  
  151  9:41  Factory, SCV  
  151  9:42  Factory, SCV  
  151  9:43  Factory  
  151  9:45  Drilling Claws  
  154  9:47  Widow Mine x2  
  154  9:48  Widow Mine  
  160  10:05  SCV x2  
  130  10:11  Cyclone x2  
  107  10:17  Orbital Command, SCV x2  
  106  10:29  Hellion, SCV x2  
  110  10:41  SCV x2  
  113  10:46  Widow Mine  
  113  10:47  Widow Mine x2  
  118  10:55  Cyclone x3  
  127  11:06  SCV x2  
  127  11:07  SCV  
  130  11:13  Widow Mine x4  
  138  11:20  Factory Tech Lab  
  138  11:21  Factory Reactor, Factory Tech Lab  
  138  11:23  Supply Depot  
  138  11:24  Supply Depot  
Tags
 
Composition
Mech
Matchup
PvT
Player
RyungZoun
Replay Pack
hsc27
Spawn Locations
Cross Positions
Add a new tag
Caveats
  • Supply blocks, unpowered buildings, or Contaminate may cause inaccurate times.
  • Supply counts are checked every 10 seconds.